Cogmind - Beta 17 @@@ ROGUE MODE // 2026.07.13 @ 19:30:19 Player: kite Result: Self-destructed Performance ------------- Evolutions (2) 1000 Regions Visited (6) 1200 Robots Destroyed (49) 245 Value Destroyed (1687) 1687 Prototype IDs (23) 460 Alien Tech Used (0) 0 Bonus (778) 778 TOTAL SCORE: 5370 Bonus ------- High Alert Combat Kills 169 Follower Combat Kills 181 Entered Garrisons 200 Aligned with FarCom 300 Friendly Fire -72 Cogmind --------- Core Integrity 312/550 Matter 285/300 Energy 91/100 System Corruption 4% Temperature Cool (0) Movement Walking (123) Location -8/Garrison Parts ------- > --- POWER (1) -------- (None) > --- PROPULSION (4) --- Aluminum Leg Aluminum Leg Aluminum Leg Improved Titanium Leg > --- UTILITY (3) ------ Large Storage Unit Improved Melee Analysis Suite > --- WEAPON (3) ------- Maul Chainsword > --- INVENTORY (15) --- Aluminum Leg Carbon-fiber Leg Carbon-fiber Leg High-capacity Storage Unit High-capacity Battery (250) Medium Matter Pod (100) Improved Terrain Scanner Seismic Detector 0b10 Alert Chip Grenade Launcher Katana Peak State ------------ > --- POWER ------------ Nuclear Core > --- PROPULSION ------- Improved Aluminum Leg Improved Carbon-fiber Leg Improved Titanium Leg Flexi-carbon Leg > --- UTILITY ---------- Cooling System Large Storage Unit Advanced Targeting Computer > --- WEAPON ----------- Katana Katana Chainsword > --- INVENTORY -------- Light Ion Engine High-capacity Storage Unit High-capacity Battery Medium Matter Pod Improved Terrain Scanner Seismic Detector 0b10 Alert Chip Improved Melee Analysis Suite Grenade Launcher Maul [Rating: 36] Favorites ----------- Power Light Ion Engine Engine Light Ion Engine Power Core Nuclear Core Propulsion Light Treads Treads Light Treads Leg Improved Titanium Leg Utility Large Storage Unit Device Cooling System Storage Large Storage Unit Processor Targeting Computer Protection Core Shielding Weapon Heavy Assault Rifle Energy Gun Lightning Gun Ballistic Gun Heavy Assault Rifle Impact Weapon Maul Slashing Weapon Katana Build | -11 -10 -10 -10 -9 -8 -8 ------- Run | Yrd Mat Min Exi Min Mat Gar Slots Evolved 4 | . . . . . 4 . Power . | . . . . . . . Propulsion 2 | . . . . . 2 . Utility 1 | . . . . . 1 . Weapon 1 | . . . . . 1 . Parts Attached 38 | 7 8 . 1 5 13 4 Power 3 | 1 . . . 1 1 . Engine 2 | 1 . . . 1 . . Core 1 | . . . . . 1 . Reactor . | . . . . . . . Propulsion 11 | 2 1 . . . 4 4 Treads 3 | 2 1 . . . . . Leg 8 | . . . . . 4 4 Wheel . | . . . . . . . Hover . | . . . . . . . Flight . | . . . . . . . Utility 10 | 2 4 . . 1 3 . Device 3 | 1 1 . . 1 . . Storage 3 | 1 2 . . . . . Processor 3 | . 1 . . . 2 . Hackware . | . . . . . . . Protection 1 | . . . . . 1 . Artifact . | . . . . . . . Weapon 14 | 2 3 . 1 3 5 . Energy Gun 4 | 1 . . . 3 . . Energy Cannon . | . . . . . . . Ballistic Gun 6 | 1 3 . 1 . 1 . Ballistic Cannon . | . . . . . . . Launcher . | . . . . . . . Special Weapon . | . . . . . . . Impact Weapon 1 | . . . . . 1 . Slashing Weapon 3 | . . . . . 3 . Piercing Weapon . | . . . . . . . Special Melee Weapon . | . . . . . . . Unidentified Prototypes . | . . . . . . . Parts Lost 8 | . . . . . . 8 Power 2 | . . . . . . 2 Propulsion 4 | . . . . . . 4 Utility 1 | . . . . . . 1 Weapon 1 | . . . . . . 1 Highest Loss Streak 6 | . . . . . . 6 To Critical Strikes . | . . . . . . . Average Backups 11 | 3 9 12 14 14 13 13 Power . | . 1 1 1 1 1 . Propulsion 2 | 1 2 2 2 2 2 4 Utility 5 | . 3 6 6 7 6 6 Weapon 2 | . 2 3 4 3 2 2 Tool/Special . | . . . . . . . Unused Backups 16 | . 2 . 1 3 1 9 Power 2 | . . . . 1 1 . Propulsion 5 | . . . . 2 . 3 Utility 7 | . 1 . 1 . . 5 Weapon 2 | . 1 . . . . 1 Tool/Special . | . . . . . . . Average Slot Usage (%) 96 | . 100 100 76 99 83 99 Engine 10 | . 14 14 14 14 1 3 Core 1 | . . . . . 7 5 Treads 20 | . 28 28 28 28 13 . Leg 8 | . . . . . 10 35 Device 4 | . 7 . . 6 7 . Storage 12 | . 14 14 14 14 9 9 Processor 7 | . 2 14 14 7 8 9 Protection 3 | . 3 . . . 1 9 Energy Gun 5 | . 3 . . 13 12 . Ballistic Gun 13 | . 24 28 5 14 5 . Impact Weapon 2 | . . . . . 2 9 Slashing Weapon 4 | . . . . . 5 17 Peak Build Rating 36 | 7 11 10 11 18 36 36 Average Rating 16 | 5 9 10 7 14 26 34 On Entrance 13 | . 7 10 10 11 18 35 Avg Prop Armor Cover (%) . | . . . . . . . Naked Turns . | . . . . . . . Heaviest Build 40 | 13 29 29 29 33 40 36 Greatest Support 73 | 40 40 40 40 40 71 73 Greatest Overweight (x) . | . . . . . . . Average Overweight (x) . | . . . . . . . Largest Inventory Capacity 15 | 8 15 15 15 15 15 15 Average Capacity 13 | 7 10 15 15 15 15 15 Most Carried 15 | 5 12 12 15 15 15 15 Average Carried 11 | 3 9 12 14 14 13 13 Final Capacity 15 | 8 15 15 15 15 15 15 Final Carried 15 | 5 12 12 13 15 11 11 Class Distribution -------------------- 73% | Mutant 23% | Scavenger-Gladiator Dominant Class ---------------- Mutant | -10/Materials Mutant | -10/Mines Mutant | -10/Exiles Mutant | -9/Mines Skirmisher | -8/Materials Scavenger-Gladiator | -8/Garrison Resources | -11 -10 -10 -10 -9 -8 -8 ----------- Run | Yrd Mat Min Exi Min Mat Gar Matter Collected 1272 | 291 591 . 90 96 184 20 Remotely . | . . . . . . . Salvage Created 1710 | 150 685 . . 66 156 653 Parts 98 | 14 47 . . 2 8 27 Haulers Intercepted . | . . . . . . . Recyclers Shooed 5 | 1 4 . . . . . Parts Field Recycled . | . . . . . . . Retrieved Matter . | . . . . . . . Parts Self-Destructed . | . . . . . . . Prevented . | . . . . . . . Parts Restored . | . . . . . . . Kills | -11 -10 -10 -10 -9 -8 -8 ------- Run | Yrd Mat Min Exi Min Mat Gar Combat Hostiles Destroyed 36 | . 14 . . 2 3 17 Melee 17 | . . . . . . 17 Guns 18 | . 14 . . 2 2 . AOE 1 | . . . . . 1 . Classes Destroyed 10 | 2 4 . . 1 1 2 Worker 5 | . 5 . . . . . Builder 2 | . 2 . . . . . Tunneler 6 | 3 2 . . 1 . . Recycler 2 | 1 1 . . . . . Swarmer 9 | . 4 . . . . 5 Grunt 19 | . 10 . . . 2 7 Duelist 1 | . . . . . 1 . Hunter 3 | . . . . . . 3 Programmer 2 | . . . . . . 2 Assembled 2 | . . . . 2 . . Best Kill Streak 6 | 3 6 . . 2 3 3 Combat Bots Only 3 | . 3 . . 2 3 3 Max Kills in Single Turn 1 | 1 1 . . 1 1 1 Gunslinging . | . . . . . . . Exploded 1 | . . . . . 1 . Melee 1 | . . . . . . 1 Uniques/NPCs Destroyed . | . . . . . . . Combat | -11 -10 -10 -10 -9 -8 -8 -------- Run | Yrd Mat Min Exi Min Mat Gar Hostile Shots Fired 198 | . 58 . . 4 23 113 Missed 56 | . 12 . . 2 9 33 Hits 142 | . 46 . . 2 14 80 Melee 2 | . . . . 2 . . Projectile 140 | . 46 . . . 14 80 Critical Strikes 5 | . 1 . . . 1 3 Part Disruptions 1 | . . . . . . 1 Damage Taken 1764 | . 460 . . 38 212 1054 Core 323 | . 68 . . 17 34 204 Absorbed by Shields 78 | . 78 . . . . . Redirected to Shielding 44 | . . . . . . 44 Core Remaining (%) 83 | 100 . . . 66 . . Volleys Fired 108 | 7 76 . . 7 18 . Largest 3 | 2 2 . . 2 3 . Hottest 133 | 70 70 . . 110 133 . Shots Fired 221 | 14 152 . 1 14 40 . Gun 221 | 14 152 . 1 14 40 . Cannon . | . . . . . . . Launcher . | . . . . . . . Special . | . . . . . . . Kinetic 159 | 7 129 . 1 4 18 . Thermal 30 | 7 23 . . . . . Explosive . | . . . . . . . Electromagnetic 32 | . . . . 10 22 . Robot Hit Streak 11 | 3 11 . 2 2 8 . Robot Miss Streak 4 | 3 3 . . 4 4 . Penetration Max . | . . . . . . . Secondary Targets . | . . . . . . . Shots Hit Robots 175 | 8 92 . 1 5 24 45 Core Hits 72 | 5 36 . . 4 8 19 Critical Kills . | . . . . . . . Critical Parts Destroyed 3 | . . . . . 1 2 Critical Strikes 5 | . . . . . 2 3 Destroy 1 | . . . . . 1 . Corrupt 1 | . . . . . 1 . Smash 2 | . . . . . . 2 Sever 1 | . . . . . . 1 Melee Attacks 77 | . . . . . . 77 Impact 24 | . . . . . . 24 Slashing 53 | . . . . . . 53 Piercing . | . . . . . . . Sneak Attacks . | . . . . . . . Combat Hostiles . | . . . . . . . Follow-up Attacks 13 | . . . . . . 13 Damage Inflicted 3563 | 101 1227 . 12 75 435 1713 Guns 1797 | 101 1227 . 12 75 382 . Cannons . | . . . . . . . Explosions 53 | . . . . . 53 . Melee 1708 | . . . . . . 1708 Ramming 5 | . . . . . . 5 Kinetic 1371 | 39 1102 . 12 14 204 . Thermal 240 | 62 125 . . . 53 . Explosive . | . . . . . . . Electromagnetic 239 | . . . . 61 178 . Impact 527 | . . . . . . 527 Slashing 1181 | . . . . . . 1181 Piercing . | . . . . . . . Highest Corruption 4 | . 2 2 2 2 . 4 Average Corruption 2 | . 2 2 2 2 . 2 Corruption Purged . | . . . . . . . Corruption Blocked . | . . . . . . . Effects 28 | . 11 . 5 12 . . Message Errors 4 | . 2 . 1 1 . . Matter Fused 6 | . 3 . 1 2 . . Heat Flow Errors 4 | . 3 . . 1 . . Energy Discharges 5 | . 1 . . 4 . . Data Loss (minor) 5 | . . . 2 3 . . Data Loss (major) 2 | . 1 . . 1 . . Misfires 1 | . . . 1 . . . Alerts 1 | . 1 . . . . . Overload Shots . | . . . . . . . Overflow Damage 130 | . . . . . . 130 Projectiles . | . . . . . . . Explosions . | . . . . . . . Melee 130 | . . . . . . 130 Knockbacks 2 | . . . . . . 2 Impact 2 | . . . . . . 2 Kinetic . | . . . . . . . Secondary . | . . . . . . . Self-Inflicted Damage . | . . . . . . . Shots . | . . . . . . . Rammed . | . . . . . . . Targets Rammed 1 | . . . . . . 1 Kicked 1 | . . . . . . 1 Crushed . | . . . . . . . Highest Temperature 200 | 45 184 . . 200 7 3 Average Temperature 37 | 18 36 . . 106 4 3 Received Heat Transfer 514 | . 190 . . . 81 243 Siege Activations . | . . . . . . . Martial Activations . | . . . . . . . Shielding Activations . | . . . . . . . Robots Disrupted . | . . . . . . . Combat Hostiles . | . . . . . . . Robots Corrupted . | . . . . . . . Combat Hostiles . | . . . . . . . Parts Fried 4 | . . . . . 1 3 Impact Corruptions 5 | . . . . . . 5 Robots Melted . | . . . . . . . Combat Hostiles . | . . . . . . . Parts Melted . | . . . . . . . Heat Transferred 605 | 185 370 . . . 50 . Parts Sabotaged . | . . . . . . . Parts Stolen . | . . . . . . . Parts Stripped . | . . . . . . . Power Chain Reactions 1 | . . . . . 1 . Alert | -11 -10 -10 -10 -9 -8 -8 ------- Run | Yrd Mat Min Exi Min Mat Gar Maximum Alert Level 3 | . . . . . 1 3 Low Security (%) 76 | 100 100 100 . 100 98 7 Level 1 3 | . . . . . 1 13 Level 2 13 | . . . . . . 55 Level 3 6 | . . . . . . 24 Level 4 . | . . . . . . . Level 5 . | . . . . . . . High Security . | . . . . . . . Max Security . | . . . . . . . Peak Influence 787 | 10 148 28 . 5 207 787 Initial 108 | . . 28 . . . 108 Average 162 | . 71 9 . . 115 528 Influence Increases 1481 | 20 480 . . 5 247 729 Destroy 0b10 Robot/C 780 | . 280 . . . 160 340 Destroy 0b10 Robot/NC 75 | 20 50 . . 5 . . Destroy Leader 100 | . 50 . . . 40 10 Allied During Kill 27 | . . . . . 27 . Successful Hack 23 | . 23 . . . . . Disable Machine 30 | . . . . . 15 15 Anti-Garrison Action 200 | . . . . . . 200 Destroy Structure 36 | . 2 . . . 5 29 Lose Combat Pursuer 210 | . 75 . . . . 135 Influence Decreases 724 | 20 406 74 . 5 80 139 Entered New Map 105 | . . 46 . . . 59 Time Decay 519 | 20 406 28 . 5 60 . Lost Part 80 | . . . . . . 80 Lost Ally 20 | . . . . . 20 . Squads Dispatched 6 | . 3 . . 1 2 . Investigation 2 | . 1 . . 1 . . Extermination . | . . . . . . . Reinforcement 2 | . 2 . . . . . Assault . | . . . . . . . Garrison 2 | . . . . . 2 . Intercept . | . . . . . . . Searches Triggered . | . . . . . . . Construction Impeded . | . . . . . . . Haulers Reinforced . | . . . . . . . Active Scanning Responses . | . . . . . . . Cargo Convoy Interrupts . | . . . . . . . Stealth | -11 -10 -10 -10 -9 -8 -8 --------- Run | Yrd Mat Min Exi Min Mat Gar Distress Signals 2 | . 2 . . . . . Communications Jammed . | . . . . . . . Distress Signals . | . . . . . . . Times Spotted 69 | . 29 . . 3 11 26 Peak Tracking Total 6 | . 6 . . 1 5 4 Tactical Retreats 11 | . 3 . . . . 8 Traps | -11 -10 -10 -10 -9 -8 -8 ------- Run | Yrd Mat Min Exi Min Mat Gar Traps Triggered 8 | . 2 . . . . 6 Indirectly . | . . . . . . . Trap Hack Attempts . | . . . . . . . Triggered . | . . . . . . . Disarmed . | . . . . . . . Reprogrammed . | . . . . . . . Reused . | . . . . . . . Traps Extracted . | . . . . . . . Installed . | . . . . . . . Triggered . | . . . . . . . Machines | -11 -10 -10 -10 -9 -8 -8 ---------- Run | Yrd Mat Min Exi Min Mat Gar Machines Disabled 5 | . 1 . . . 1 3 Max in Single Turn 1 | . 1 . . . . 1 Garrison Relay 5 | . . . . . . 5 Machines Repaired . | . . . . . . . Machines Dismantled . | . . . . . . . Machines Sabotaged . | . . . . . . . Overloaded Fab Kills . | . . . . . . . Hacking | -11 -10 -10 -10 -9 -8 -8 --------- Run | Yrd Mat Min Exi Min Mat Gar Machines Accessed 9 | . 3 . 2 1 1 2 Terminals 4 | . 2 . . . . 2 Fabricators . | . . . . . . . Repair Stations 1 | . 1 . . . . . Recycling Units . | . . . . . . . Scanalyzers . | . . . . . . . Garrison Access 1 | . . . . . 1 . Total Hacks 20 | . 7 . 5 1 2 5 Successful 11 | . 4 . 5 1 1 . Failed 9 | . 3 . . . 1 5 Catastrophic 5 | . 3 . . . . 2 Database Lockouts . | . . . . . . . Manual 6 | . 5 . 1 . . . Terminals 10 | . 5 . . . . 5 Fabricators . | . . . . . . . Repair Stations 2 | . 2 . . . . . Recycling Units . | . . . . . . . Scanalyzers . | . . . . . . . Garrison Access 2 | . . . . . 2 . Terminal Hacks 7 | . 1 . 5 1 . . Record 4 | . . . 4 . . . Part Schematic 1 | . 1 . . . . . Open Door 1 | . . . . 1 . . Proto ID Catalog 1 | . . . 1 . . . Fabricator Hacks . | . . . . . . . Repair Station Hacks 1 | . 1 . . . . . Refit 1 | . 1 . . . . . Recycling Unit Hacks . | . . . . . . . Scanalyzer . | . . . . . . . Garrison Access Hacks 1 | . . . . . 1 . Unlock Access 1 | . . . . . 1 . Unauthorized Hacks 2 | . 2 . . . . . Terminals 2 | . 2 . . . . . Botnet 2 | . 2 . . . . . Fabricators . | . . . . . . . Repair Stations . | . . . . . . . Recycling Units . | . . . . . . . Scanalyzers . | . . . . . . . Garrison Access . | . . . . . . . Data Cores Recovered . | . . . . . . . Used . | . . . . . . . Hacking Detections 5 | . 3 . . . . 2 Full Trace Events 3 | . 1 . . . . 2 Feedback Events . | . . . . . . . Feedback Blocked . | . . . . . . . Robot Schematics Acquired . | . . . . . . . Robots Built . | . . . . . . . Authchips . | . . . . . . . Time . | . . . . . . . Total Robot Build Rating . | . . . . . . . Part Schematics Acquired 1 | . 1 . . . . . Parts Built . | . . . . . . . Authchips . | . . . . . . . Time . | . . . . . . . Total Part Build Rating . | . . . . . . . Part Studies Acquired . | . . . . . . . Parts Repaired . | . . . . . . . Time . | . . . . . . . Parts Recycled . | . . . . . . . Recycled Matter . | . . . . . . . Retrieved Matter . | . . . . . . . Retrieved Components . | . . . . . . . Parts Scanalyzed . | . . . . . . . Part Schematics Acquired . | . . . . . . . Parts Damaged . | . . . . . . . Bothacking | -11 -10 -10 -10 -9 -8 -8 ------------ Run | Yrd Mat Min Exi Min Mat Gar Used RIF Installer . | . . . . . . . Robots Hacked . | . . . . . . . Non-combat . | . . . . . . . Combat . | . . . . . . . Robot Hacks Applied . | . . . . . . . Relay Couplers Released 23 | . . . . . . 23 Machine Destruction 23 | . . . . . . 23 Fabnet Peak Effective % . | . . . . . . . Robots Rewired . | . . . . . . . Allies Hacked . | . . . . . . . Hacks Repelled . | . . . . . . . Allies | -11 -10 -10 -10 -9 -8 -8 -------- Run | Yrd Mat Min Exi Min Mat Gar Total Allies 2 | . . . . 2 . . Largest Group 2 | . . . . 2 2 . Highest-Rated Group 62 | . . . . 62 62 . Highest-Rated Ally 31 | . . . . 31 31 . Total Orders . | . . . . . . . Ally Attacks 45 | . . . . 16 29 . Total Damage 611 | . . . . 166 445 . Kills 8 | . . . . 3 5 . Allies Corrupted . | . . . . . . . Allies Melted . | . . . . . . . Intel | -11 -10 -10 -10 -9 -8 -8 ------- Run | Yrd Mat Min Exi Min Mat Gar Active Infowar (turns) 253 | 27 226 . . . . . Seismic 253 | 27 226 . . . . . Robot Analysis Total . | . . . . . . . Derelict Logs Recovered 1 | . . . . 1 . . Drone Launches . | . . . . . . . Drone Recoveries . | . . . . . . . Exploration | -11 -10 -10 -10 -9 -8 -8 ------------- Run | Yrd Mat Min Exi Min Mat Gar Turns Passed 3893 | 170 1172 116 395 985 176 879 Spaces Moved 1896 | 86 507 73 244 453 68 465 Core 3 | 3 . . . . . . Treads 1401 | 83 507 73 244 453 41 . Legs 492 | . . . . . 27 465 Wheels . | . . . . . . . Hover . | . . . . . . . Flight . | . . . . . . . Fastest Speed 50 | 50 160 160 160 160 122 122 Average Speed 149 | 156 160 160 160 160 144 122 Slowest Speed 160 | 160 160 160 160 160 160 123 Overloaded Moves . | . . . . . . . Propulsion Burnouts . | . . . . . . . Robots Hopped . | . . . . . . . Potential Cave-ins . | . . . . . . . Cave-ins Triggered . | . . . . . . . Exploration Rate (%) 45 | 4 92 22 60 85 10 45 Regions Visited 6 Branch Regions 3 Pre-discovered Areas 1 | . . . 1 . . . Known Exits Taken 1 | . . . . . 1 . Unknown Exits Taken 5 | 1 1 1 1 1 . . Scrap Searched 1 | . . . . 1 . . Spaces Dug 4 | . . . . . . 4 Terrain Destroyed 9 | . . . . . 5 4 Melee 4 | . . . . . . 4 Projectile . | . . . . . . . AOE 5 | . . . . . 5 . Terrain Rammed . | . . . . . . . Walls Destroyed . | . . . . . . . Machines Disabled . | . . . . . . . Actions | -11 -10 -10 -10 -9 -8 -8 --------- Run | Yrd Mat Min Exi Min Mat Gar Total 2639 | 104 723 72 250 705 111 674 Wait 471 | . 112 . . 223 1 135 Move 1891 | 85 506 72 243 452 68 465 Hop . | . . . . . . . Pick Up 31 | 5 8 . 2 8 3 5 Fast Attach 22 | 7 6 . . 4 5 . Attach 10 | . . . 2 . 3 5 Detach 3 | . 1 . 2 . . . Swap 9 | . 3 . . 1 5 . Drop 30 | . 11 . 1 10 8 . Fire 108 | 7 76 . . 7 18 . Melee 58 | . . . . . . 58 Ram . | . . . . . . . Kick 1 | . . . . . . 1 Crush . | . . . . . . . Escape Stasis 5 | . . . . . . 5 Rewire . | . . . . . . . Trap . | . . . . . . . Miscellaneous . | . . . . . . . Route ------- -11/Scrapyard -10/Materials (discovered 5 exits: [*Mat x3] / [*Min] / [*Sub]) -10/Mines (discovered 2 exits: [*Mat] / *Exi) -10/Exiles -9/Mines -8/Materials (discovered 2 exits: Fac / Gar) -8/Garrison (discovered 1 exit: [*Mat]) History --------- Turn | Location | Event 8 | -11/Scrapyard | Discovered new exit (range 16) 171 | -11/Scrapyard | Entered Materials 239 | -10/Materials | Discovered new exit (range 8) 305 | -10/Materials | Build established: Mutant 526 | -10/Materials | Discovered new exit (range 13) 638 | -10/Materials | Discovered new exit (range 3) 767 | -10/Materials | Discovered new exit (range 5) 1114 | -10/Materials | Discovered new exit (range 12) 1343 | -10/Materials | Entered Mines 1364 | -10/Mines | Discovered new exit (range 5) 1451 | -10/Mines | Deemed a non-threat by the Exiles lab entrance 1451 | -10/Mines | Discovered new exit (range 5) 1459 | -10/Mines | Entered Exiles 1498 | -10/Exiles | Met 8R-AWN 1525 | -10/Exiles | Met EX-HEX 1571 | -10/Exiles | Met EX-BIN 1590 | -10/Exiles | Aligned with FarCom system 1592 | -10/Exiles | Given EX-Vault access code 1628 | -10/Exiles | Opened EX-Vault 1641 | -10/Exiles | Found 0b10 Alert Chip 1671 | -10/Exiles | Warned to stay clear of 0b10 Research branches 1722 | -10/Exiles | Met EX-DEC 1743 | -10/Exiles | Learned location of Zion (-6) 1837 | -10/Exiles | Discovered new exit (range 10) 1854 | -10/Exiles | Left Exiles lab with 0b10 Alert Chip 1854 | -10/Exiles | Entered Mines 1855 | -9/Mines | Assembled infested the area 1855 | -9/Mines | Met a Derelict testing a Signal Generator 1860 | -9/Mines | Met a Derelict bent on vengeance 1860 | -9/Mines | Assisted by a Guerilla fighting off Assembled 2293 | -9/Mines | Met a Derelict shopkeep closing up shop 2657 | -9/Mines | Received a Mining Laser from a helpful Derelict 2785 | -9/Mines | Discovered new exit (range 15) 2826 | -9/Mines | Learned location of 1 exit from Materials 2839 | -9/Mines | Entered Materials 2839 | -8/Materials | Accompanied by 2 allies 2839 | -8/Materials | Evolved 4 slots: Propulsion x2, Utility x1, Weapon x1 2840 | -8/Materials | Identified exit to Factory 2896 | -8/Materials | Garrison activated, responded to threat 3015 | -8/Materials | Identified exit to Garrison 3015 | -8/Materials | Entered Garrison 3075 | -8/Garrison | Triggered checkpoint 3094 | -8/Garrison | Garrison Relay disabled 3125 | -8/Garrison | Triggered checkpoint 3263 | -8/Garrison | Build established: Scavenger-Gladiator 3409 | -8/Garrison | Triggered checkpoint 3587 | -8/Garrison | Triggered checkpoint 3683 | -8/Garrison | Garrison Relay disabled 3730 | -8/Garrison | Discovered new exit (range 9) 3866 | -8/Garrison | Garrison Relay disabled 3875 | -8/Garrison | Garrison Relay disabled 3894 | -8/Garrison | Self-destructed Last Messages --------------- corruption cleaned. 03867_ Flexi-carbon Leg destroyed. 03867_ Kicked P-60 Hacker out of the way. 03871_ Maul follow-up attack on P-60 Hacker. 03871_ Katana follow-up attack on P-60 Hacker. 03872_ Imp. Carbon-fiber Leg destroyed. 03874_ P-60 Hacker destroyed. 03874_ Katana follow-up attack on P-60 Hacker. 03875_ Garrison Relay disabled. 03875_ Relay Coupler [Grunt] tumbles out of relay unit. 03875_ Relay Coupler [NC] tumbles out of relay unit. 03877_ P-60 Hacker destroyed. 03877_ Carbon-fiber Leg destroyed. 03880_ Katana destroyed. 03880_ Lgt. Ion Engine destroyed. 03884_ Maul follow-up attack on P-60 Hacker. 03884_ P-60 Hacker knocked back. 03893_ Core Shielding destroyed. Map ----- +----------------------------------------------------+ | | | | | | | ?????????????????????????????????????????????????? | | ?????????????????????????????????????????????????? | | ?????????????????????????????????????????????????? | | ?????????????????????????????????????????????????? | | ?????????????????????????????????????????????????? | | ?????????????????????????????????????????????????? | | ?????????????????????????????????????????????????? | | ?????????????????????????????????????????????????? | | ?????????????????????????????????????????????????? | | ?????????????????????????????????????????????????? | | ???????????????????#######???????????????????????? | | ???????????????????#"""""###?????????????????????? | | ?????????????????#?#"""""# #?????????????????????? | | ?????????????????# + + #?????????????????????? | | ?????????????????# # # #?????????????????????? | | ?????????????????# "" "" #?????????????????????? | | ????????????????## !"! " ##????????????????????? | | ????????????????#" ! " "#????????????????????? | | ????????????????#" !" "!!"#????????????????????? | | ?????????????????" " !!!"#????????????????????? | | ????????????????#" # !!#p%"#????????????????????? | | ????????????????#"" + %p!! #????????????????????? | | ????????????????### # #@###????????????????????? | | ??????????????????#?# ###??????????????????????? | | ????????????????????# #????????????????????????? | | ????????????????????## ##????????????????????????? | | ????????????????###### #?????????????????????????? | | ????????????????#"""## #?????????????????????????? | | ????????????????#" "## #?????????????????????????? | | ????????????????#" "## #?????????????????????????? | | ????????????????#" ## #?????????????????????????? | | ????????????????# ## #?????????????????????????? | | ????????????????## ###+########## #?????????????? | | ?????????????????# #?????????????? | | ?????????????????# #?????????????? | | ?????????????????# ########### ####?????????????? | | ?????????????????# #???????????#????????????????? | | ??????#??????????# #????????????????????????????? | | ??????# ?????????# #????????????????????????????? | | ??????# ???????# #????????????????????????????? | | ??????# #??????# #????????????????????????????? | | ??????# #??????# #????????????????????????????? | | ??????# ##""""## ##???????????????????????????? | | ? ##### #???????????????????????????? | | #???????????????????????????? | | ? #???????????????????????????? | | ???#### ## ## #???????????????????????????? | +----------------------------------------------------+ Best States ------------- Heat Dissipation 53 Energy Generation 14 Energy Capacity 240 Matter Stores 300 Matter Capacity 300 Sight Range 16 Terrain Scan Density 10 Armor Coverage 80 Core Shielding 20 Evasion (%) 55 Targeting Accuracy 8 Melee Accuracy 6 Recoil Reduction 2 Item Schematics ----------------- Hcp. Storage Unit | -10/Materials | Hacked Robot Schematics ------------------ None Fabricated ------------ Nothing Repaired ---------- Nothing Studied --------- None Alien Tech Used ----------------- None Achievements -------------- None Challenges ------------ None Game ------ Seed PortableQuantumReactor Manual? 0 Play Time 00:21:08 Cumulative 442.0 hours Start 2026.07.13 @ 19:10:27 End 2026.07.13 @ 19:30:19 Sessions 1 Manual Loads 0 Difficulty Rogue Special Mode None Game No. 406 Rogue 406 Adventurer 0 Explorer 0 Win Type - Total 11 Types 7/0/2/1/0/0/0/0/0/1 Lore% 61 Gallery% 69 Achievement% 64 Wizard Run 0 Options --------- Layout 1 ASCII 0 Keyboard 0 Movement Mouse Keybinds 0 Fullscreen 2 Font 24/Cog Map View 50x35 Zoom Use 21% Tactical HUD 1 Map Filters NONE Filters NONE Steam 1 RUN: a83f8672-a855-4955-8824-290b0e28a107